 Dungeon Crawl Stone Soup version 0.24.0-123-gd5b16e6ec5 (webtiles) character file.

Game seed: 3061329420076101164, levelgen mode: deterministic

6187 Ponchio the Geomancer (level 10, -4/58 HPs)
             Began as a Deep Elf Earth Elementalist on Jan 17, 2020.
             Was an Initiate of Vehumet.
             Slain by a jumping spider (10 damage)
             ... on level 2 of the Lair of Beasts.
             The game lasted 00:38:00 (8555 turns).

Ponchio the Geomancer (Deep Elf Earth Elementalist) Turns: 8555, Time: 00:38:02

Health: -4/58      AC:  7    Str:  7    XL:     10   Next: 60%
Magic:  15/25      EV:  8    Int: 27    God:    Vehumet [......]
Gold:   506        SH:  0    Dex: 17    Spells: 8/28 levels left

rFire    . . .     SeeInvis +   u - +4 mace "Memme" {holy, Int+3}
rCold    x . .     Gourm    .   (no shield)
rNeg     . . .     Faith    .   o - +1 robe "Yntilol" {rC- rCorr SInv Stlth+}
rPois    +         Spirit   .   A - +1 helmet
rElec    .         Reflect  .   (no cloak)
rCorr    +         Harm     .   (no gloves)
MR       +....                  (no boots)
Stlth    +++.......             (no amulet)
HPRegen  0.19/turn              D - ring of poison resistance
MPRegen  0.19/turn              (no ring)

@: about to teleport, held
A: molten scales 1, agile 1, strong 1
a: Renounce Religion


You were on level 2 of the Lair of Beasts.
You worshipped Vehumet.
Vehumet was noncommittal.
You were not hungry.

You visited 3 branches of the dungeon, and saw 11 of its levels.
You also visited: Sewer.

You collected 506 gold pieces.

Inventory:

Hand Weapons
 u - the +4 mace "Memme" (weapon) {holy, Int+3}
   (You found it on level 5 of the Dungeon)

   It has been blessed by the Shining One to cause great damage to the undead
   and demons.
   It affects your intelligence (+3).
Missiles
 b - 118 stones (quivered)
Armour
 c - a +1 robe
 o - the +1 robe "Yntilol" (worn) {rC- rCorr SInv Stlth+}
   (You found it on level 5 of the Dungeon)

   It makes you vulnerable to cold.
   It lets you see invisible.
   It provides partial protection from all sources of acid and corrosion.
   It makes you more stealthy.
 A - a +1 helmet (worn)
Jewellery
 D - a ring of poison resistance (left hand)
Wands
 q - a wand of scattershot (5)
 t - a wand of enslavement (7)
 x - a wand of acid (2)
 y - a wand of flame (11)
Scrolls
 f - a scroll of teleportation
 i - 7 scrolls of remove curse
 z - a scroll of blinking
 C - a scroll of immolation
 H - a scroll of amnesia
Potions
 e - 3 potions of brilliance
 g - 4 potions of might
 j - a potion of magic {unknown}
 k - 2 potions of agility
 l - 2 potions of heal wounds
 m - a potion of mutation
 p - a potion of degeneration {unknown}
 r - 3 potions of berserk rage
 s - 3 potions of lignification
 w - 2 potions of curing
 B - 3 potions of flight {unknown}
Comestibles
 d - 13 rations


   Skills:
 - Level 4.8 Fighting
 - Level 5.6 Dodging
 - Level 2.4 Stealth
 - Level 9.7 Spellcasting
 + Level 5.5 Conjurations
 - Level 1.1 Transmutations
 + Level 5.5 Fire Magic
 - Level 11.3 Earth Magic


You had 8 spell levels left.
You knew the following spells:

 Your Spells              Type           Power        Failure   Level  Hunger
a - Sandblast             Erth           ######       1%          1    None
b - Passwall              Tmut/Erth      #####...     1%          2    None
c - Stone Arrow           Conj/Erth      ######       1%          3    None
d - Petrify               Tmut/Erth      #####...     3%          4    None
e - Lee's Rapid Deconstr  Erth           ######....   1%          5    ####...
f - Fireball              Conj/Fire      #####.....   12%         5    ####...

Your spell library contained the following spells:

 Spells                   Type           Power        Failure   Level  Hunger
 Sting                    Conj/Pois      ####         1%          1    None
 Flame Tongue             Conj/Fire      #####        1%          1    None
 Throw Flame              Conj/Fire      #####.       1%          2    None
 Conjure Flame            Conj/Fire      #####...     1%          3    None
 Inner Flame              Hex/Fire       ####....     4%          3    None
 Sticky Flame             Conj/Fire      #####...     4%          4    None
 Mephitic Cloud           Conj/Pois/Air  ###.....     6%          3    None
 Poisonous Vapours        Pois/Air       ##....       7%          2    None
 Freezing Cloud           Conj/Ice/Air   ###.......   97%         6    #####..
 Ring of Flames           Chrm/Fire      ####......   100%        7    #######


Dungeon Overview and Level Annotations

Branches:
Dungeon (8/15)             Temple (1/1) D:7            Lair (2/6) D:8
 Spider (0/4) Lair:2        Sewer (visited)
  Swamp: Lair:2-4    Shoals: Lair:2-4

Altars:
Ashenzari
Cheibriados
Dithmenos
Elyvilon
Fedhas
Gozag
Hepliaklqana
Kikubaaqudgha
Makhleb
Nemelex Xobeh
Okawaru
Qazlal
Ru
Sif Muna
Trog
Uskayaw
Vehumet
Wu Jian
Xom
Yredelemnul
Zin
The Shining One

Shops:
D:4 [   D:6 [

Annotations:
D:8 3 runed translucent doors, Winsalot's ghost, novice TrMo


Innate Abilities, Weirdness & Mutations

You are partially covered in molten scales. (AC +2)
You are agile. (Dex +2)
Your muscles are strong. (Str +2)


Message History

The blast of sand misses the jumping spider.
b - 118 stones The jumping spider pounces on you.
The jumping spider completely misses you.
The jumping spider leaps!
The jumping spider closely misses you. The jumping spider bites you.
The jumping spider pounces on you! The jumping spider barely misses you.
The jumping spider leaps!
The jumping spider pounces on you.
The jumping spider bites you but does no damage.
The jumping spider pounces on you!
* * * LOW HITPOINT WARNING * * *
You are caught in a web!
The jumping spider barely misses you.
There is a web, spattered with blood here.
As you read the scroll of teleportation, it crumbles to dust.
You feel strangely unstable. The jumping spider pounces on you.
* * * LOW HITPOINT WARNING * * *
The jumping spider bites you.
* * * LOW HITPOINT WARNING * * *
The jumping spider pounces on you!
You die...

≈.≈.≈.≈≈.#.##...
.≈≈.≈≈.≈........
.#..≈≈≈.≈≈≈.#.......
...≈≈≈#P.###$.......
#....## ##......>..
....#. ##s#........
#....##°".........
#.....s...##......
###.....@s### #.....
#.......### #....
##......# ....
##......## #.
#P.......#
#.......## ####
........## #..#
.......>P# ##.##
##......### ##...##


You could see 3 jumping spiders.

Vanquished Creatures
  A spiny frog (Lair:1)
  5 blink frogs (Lair:1)
  4 hippogriffs
  Prince Ribbit (D:7)
  A slime creature (shapeshifter) (D:5)
  A hungry ghost (D:7)
  Eustachio (D:5)
  Duvessa (D:6)
  2 porcupines (Lair:1)
  2 water moccasins
  3 ice beasts
  Purgy (Sewer)
  A black bear (D:7)
  A necrophage (D:7)
  5 ogres
  2 centaurs
  3 crocodiles (Lair:1)
  4 bullfrogs
  A big kobold (D:6)
  3 scorpions
  Dowan (D:6)
  9 wights (D:8)
  3 crimson imps
  3 hounds
  2 quasits
  An orc priest (D:7)
  3 jellies
  An iguana (D:4)
  7 worker ants
  An orc wizard (D:7)
  7 gnolls
  10 adders
  3 shadow imps (D:5)
  An adder zombie (D:8)
  An adder skeleton (D:6)
  6 worms
  6 leopard geckos
  18 orcs
  3 bats
  13 giant cockroaches
  2 gnoll zombies (D:5)
  5 goblins
  3 hobgoblins
  6 jackals
  13 kobolds
  5 quokkas
  A ball python (D:5)
  3 frilled lizards
  A leopard gecko skeleton (D:8)
  A leopard gecko zombie (D:6)
  A quokka zombie (D:6)
  9 rats
192 creatures vanquished.

Vanquished Creatures (others)
  A fungus (Lair:1)
1 creature vanquished.

Grand Total: 193 creatures vanquished

Notes
Turn   | Place    | Note
-------+----------+-------------------------------------------
     0 | D:1      | Ponchio the Deep Elf Earth Elementalist began the quest for
                  | the Orb.
     0 | D:1      | Reached XP level 1. HP: 10/10 MP: 6/6
   145 | D:1      | Reached XP level 2. HP: 15/15 MP: 6/8
   382 | D:1      | Reached skill level 4 in Earth Magic
   879 | D:2      | Reached XP level 3. HP: 14/19 MP: 3/10
   994 | D:2      | Found a hide-covered altar of Uskayaw.
  1397 | D:3      | Noticed an ogre
  1404 | D:3      | Killed an ogre
  1404 | D:3      | Reached skill level 5 in Earth Magic
  1404 | D:3      | Reached XP level 4. HP: 6/24 MP: 5/12
  2031 | D:3      | Reached XP level 5. HP: 28/28 MP: 12/14
  2069 | D:3      | Learned a level 2 spell: Passwall
  2073 | D:3      | Learned a level 3 spell: Stone Arrow
  2078 | D:3      | Learned a level 4 spell: Petrify
  2121 | D:4      | Reached skill level 5 in Spellcasting
  2133 | D:4      | Reached skill level 6 in Earth Magic
  2150 | D:4      | Noticed an ogre
  2155 | D:4      | Killed an ogre
  2155 | D:4      | Reached XP level 6. HP: 13/32 MP: 8/16
  2244 | D:4      | Found a glowing drain.
  2253 | Sewer    | Entered a sewer
  2391 | Sewer    | Noticed Purgy
  2395 | Sewer    | Killed Purgy
  2395 | Sewer    | Reached skill level 7 in Earth Magic
  2559 | D:4      | Reached XP level 7. HP: 36/36 MP: 14/18
  2760 | D:4      | Found an iron altar of Okawaru.
  2818 | D:4      | Reached skill level 8 in Earth Magic
  3002 | D:4      | Found Vuaxza's Antique Armour Boutique.
  3062 | D:5      | Entered Level 5 of the Dungeon
  3062 | D:5      | Noticed Eustachio
  3071 | D:4      | Learned a level 5 spell: Lee's Rapid Deconstruction
  3136 | D:5      | Killed Eustachio
  3300 | D:5      | Reached skill level 9 in Earth Magic
  3300 | D:5      | Reached XP level 8. HP: 41/41 MP: 16/21
  3305 | D:5      | Found a transporter.
  3311 | D:5      | Noticed a blink frog
  3313 | D:5      | a blink frog changed into an eye of draining
  3314 | D:5      | Found a transporter.
  3327 | D:5      | Found a hazy altar of Hepliaklqana.
  3805 | D:5      | Found a basalt altar of Yredelemnul.
  3845 | D:5      | Got a faintly glowing mace
  4117 | D:5      | Noticed a water nymph
  4170 | D:5      | Noticed a slime creature
  4170 | D:5      | a water nymph changed into a slime creature
  4181 | D:5      | Killed a slime creature
  4181 | D:5      | Reached skill level 10 in Earth Magic
  4281 | D:5      | Got a brightly glowing robe
  4300 | D:5      | Identified the +1 robe "Yntilol" {rC- rCorr SInv Stlth+}
                  | (You found it on level 5 of the Dungeon)
  4391 | D:6      | Identified the +4 mace "Memme" {holy, Int+3} (You found it
                  | on level 5 of the Dungeon)
  4724 | D:6      | Noticed Dowan
  4738 | D:6      | Noticed Duvessa
  4740 | D:6      | Killed Dowan
  4748 | D:6      | Killed Duvessa
  5033 | D:6      | Found a sacrificial altar of Ru.
  5183 | D:6      | Reached skill level 11 in Earth Magic
  5183 | D:6      | Reached XP level 9. HP: 45/45 MP: 13/24
  5505 | D:6      | Found Ponojyt's Armour Emporium.
  5683 | D:7      | Noticed Prince Ribbit
  5710 | D:7      | Found a staircase to the Ecumenical Temple.
  5727 | Temple   | Entered the Ecumenical Temple
  6033 | D:7      | Reached skill level 1 in Fighting
  6044 | D:7      | Killed Prince Ribbit
  6306 | D:7      | Found a radiant altar of Vehumet.
  6533 | D:7      | Became a worshipper of Vehumet
  6650 | D:8      | Found a shimmering altar of Xom.
  6803 | D:8      | Found a white marble altar of Elyvilon.
  6874 | D:8      | Reached skill level 5 in Dodging
  6955 | D:8      | Found a staircase to the Lair.
  7012 | D:8      | Found a runed translucent gate.
  7014 | D:8      | Found a runed translucent gate.
  7014 | D:8      | Found an opulent altar of Gozag.
  7015 | D:8      | Found a runed translucent gate.
  7015 | D:8      | Noticed a great orb of eyes
  7015 | D:8      | Noticed Winsalot's ghost (novice TrMo)
  7023 | D:8      | Found a glowing golden altar of the Shining One.
  7338 | D:8      | Found a shimmering altar of Xom.
  7468 | Lair:1   | Entered Level 1 of the Lair of Beasts
  7480 | D:8      | Learned a level 5 spell: Fireball
  7497 | Lair:1   | Reached skill level 1 in Conjurations
  7497 | Lair:1   | Reached skill level 1 in Fire Magic
  7497 | Lair:1   | Reached XP level 10. HP: 58/58 MP: 21/25
  7915 | Lair:1   | Reached * piety under Vehumet
  7915 | Lair:1   | Offered knowledge of Sting by Vehumet.
  7921 | Lair:1   | Reached skill level 5 in Conjurations
  7921 | Lair:1   | Reached skill level 5 in Fire Magic
  7975 | Lair:1   | Noticed a spiny frog
  7977 | Lair:1   | Killed a spiny frog
  8477 | Lair:1   | Gained mutation: Your muscles are strong. (Str +2) [potion
                  | of mutation]
  8477 | Lair:1   | Gained mutation: You are agile. (Dex +2) [potion of
                  | mutation]
  8477 | Lair:1   | Gained mutation: You are partially covered in molten
                  | scales. (AC +2) [potion of mutation]
  8543 | Lair:2   | Found a hole to the Spider Nest.
  8555 | Lair:2   | Slain by a jumping spider

Levels and vault maps discovered:
D:1:      dpeg_arrival_tiny_j, layout_basic, serial_rivers,
          chequers_serial_rivers_room_a, chequers_serial_rivers_micro_e,
          chequers_serial_rivers_micro_b, chequers_serial_rivers_room_b,
          chequers_serial_rivers_small_3, st_stairs_4
D:2:      layout_rooms, eat_drink_and_be_merry_uskayaw, serial_corexii_hall,
          corexii_hall_statues_u, corexii_hall_statues_x
D:3:      layout_loops_ring
D:4:      layout_loops_ring, first_ration, serial_shops, kennysheep_mini_moat,
          gup_sewer_entry_pipe, okawaru_ov_weapons_minmay
D:5:      layout_rooms, gammafunk_temple_overflow_arena,
          lemuel_zombie_altar_yredelemnul, uniq_eustachio
D:6:      layout_loops_ring, nicolae_ru_sacrificial_ziggurat, serial_shops,
          kennysheep_little_box, uniq_duvessa
D:7:      layout_rooms, lemuel_round_altar, minmay_temple_entry_arrows,
          uniq_prince_ribbit1
D:8:      layout_basic, xom_teletrap_fun, elyvilon_altar_3, tso_altar,
          ebering_ghost_gozag, basic_altar
Temple:   eino_narrow_crystal_temple
Lair:1:   layout_chaotic_city
Lair:2:   layout_cave_pods, skrybe_swamp_entry_bodies, spider_nest_entry_a,
          special_room [special_room_bee]

Skill      XL: |  1  2  3  4  5  6  7  8  9 10 |
---------------+-------------------------------+-----
Earth Magic    | 4 5 6 7 9 11 | 11.3
Spellcasting   | 4 5 6 7 9 |  9.7
Fighting       | 4 |  4.8
Dodging        | 5 |  5.6
Conjurations   | 1 5 |  5.5
Fire Magic     | 1 5 |  5.5
Stealth        | |  2.4
Transmutations | |  1.1

Action                   |  1- 3 |  4- 6 |  7- 9 | 10-12 || total
-------------------------+-------+-------+-------+-------++-------
Melee: Dagger            |    30 |       |       |       ||    30
       Short sword       |     1 |     6 |     1 |       ||     8
       Mace              |       |       |     5 |       ||     5
 Cast: Sandblast         |    35 |    44 |    87 |    19 ||   185
       Lee's Rapid Decon |       |       |    55 |    13 ||    68
  Use: Scroll            |       |     8 |    10 |     5 ||    23
       Potion            |       |       |     4 |     1 ||     5
 Stab: Sleeping          |     7 |     3 |     1 |       ||    11
  Eat: Chunk             |     1 |     4 |     8 |     4 ||    17
       Ration            |       |       |     5 |       ||     5
Armor: Robe              |     2 |     6 |     5 |     3 ||    16
Dodge: Dodged            |    17 |    17 |    27 |    11 ||    72
